 Dungeon Crawl Stone Soup version 0.30-a0-23-ge60ba3568b (webtiles) character file.

Game seed: 10125437552376639877

205 Shayle the Sneak (level 5, -1/38 HPs)
             Began as a Vampire Enchanter on Aug 25, 2022.
             Slain by an iguana (12 damage)
             ... on level 4 of the Dungeon.
             The game lasted 00:11:28 (3370 turns).

Shayle the Sneak (Vampire Enchanter)                Turns: 3370, Time: 00:11:28

Health: -1/38      AC:  3    Str:  9    XL:     5   Next: 52%
Magic:  7/9        EV: 13    Int: 17    God:
Gold:   14         SH:  0    Dex: 15    Spells: 4/9 levels left

rFire   . . .      SeeInvis +    a - +2 dagger
rCold   . . .      Faith    .    (no shield)
rNeg    . . .      Spirit   .    b - +0 robe
rPois   .          Reflect  .    (no helmet)
rElec   .          Harm     .    h - +0 cloak
rCorr   .          Rampage  .    (no gloves)
Will    .....                    (no boots)
Stlth   +++.......               (no amulet)
HPRegen 0.32/turn                (no ring)
MPRegen 0.11/turn                (no ring)

@: healing quickly
A: alive, fangs 3, see invisible, vampiric 2
a: Exsanguinate


You were on level 4 of the Dungeon.
You visited 1 branch of the dungeon, and saw 5 of its levels.

You collected 124 gold pieces.
You spent 110 gold pieces at shops.

Inventory:

Hand Weapons
 a - a +2 dagger (weapon)
Missiles
 q - 6 javelins (quivered)
Armour
 b - a +0 robe (worn)
 g - a +4 ring mail of cold resistance
 h - a +0 cloak (worn)
Wands
 f - a wand of acid (2)
Scrolls
 e - 2 scrolls of summoning
 k - a scroll of immolation
 n - a scroll of enchant weapon
 s - a scroll of poison
 t - a scroll of fear
 u - a scroll of teleportation
Potions
 c - a potion of invisibility
 d - 2 potions of heal wounds {unknown}
 i - a potion of degeneration {unknown}
 j - 2 potions of lignification
 l - 2 potions of attraction
 m - 4 potions of flight
 o - a potion of haste {unknown}
 p - a potion of curing
 r - a potion of mutation {unknown}


   Skills:
 + Level 1.7 Fighting
 + Level 2.4 Short Blades
 + Level 3.2 Dodging
 * Level 6.6 Stealth
 + Level 2.8 Spellcasting
 - Level 4.4 Hexes
 + Level 0.3 Ice Magic


You had 4 spell levels left.
You knew the following spells:

 Your Spells              Type           Power      Damage    Failure   Level
a - Ensorcelled Hibernat  Hex/Ice        20%        N/A       11%         2
b - Confusing Touch       Hex            17%        N/A       9%          3

Your spell library contained the following spells:

 Spells                   Type           Power      Damage    Failure   Level
 Tukima's Dance           Hex            17%        N/A       9%          3
 Dazzling Flash           Conj/Hex       18%        N/A       22%         3


Dungeon Overview and Level Annotations

Branches:
Dungeon (5/15)
 Temple: D:4-7

Altars:
Dithmenos
Makhleb
Xom

Shops:
D:3 ?

Annotations:
D:4 Grinder


Innate Abilities, Weirdness & Mutations

Your natural rate of healing is accelerated.
You have razor-sharp teeth.
You have supernaturally acute eyesight. (SInv)
You are afflicted with vampirism and can become a bat while bloodless.


Message History

m - 4 potions of flight (gained 1)
You see here 5 stones.
You see here 5 stones.
There is an escape hatch in the ceiling here.
There is a stone staircase leading down here.
You climb downwards.
Level annotation: Grinder
There is a stone staircase leading up here.
You see here a +0 whip.
You see here a +0 whip.
An iguana comes into view.
The iguana hisses angrily.
Casting: Ensorcelled Hibernation (safe; 11% risk of failure)
Confirm with . or Enter, or press ? or * to list all spells.
Aiming: Ensorcelled Hibernation (safe; 11% risk of failure)
Press: ? - help, Shift-Dir - straight line, f - iguana
Aim: an iguana (chance to affect: 52%)
The iguana looks drowsy...
The iguana hisses angrily.
The iguana bites you!
You hit the iguana.
The iguana is lightly wounded.
The iguana closely misses you.
You hit the iguana but do no damage.
The iguana is lightly wounded.
The iguana bites you!
You hit the iguana but do no damage.
The iguana is lightly wounded.
The iguana bites you!
* * * LOW HITPOINT WARNING * * *
You hit the iguana but do no damage. Your bite misses the iguana.
The iguana is lightly wounded.
The iguana barely misses you.
You hit the iguana.
The iguana is moderately wounded.
The iguana barely misses you.
You completely miss the iguana.
The iguana is moderately wounded.
The iguana bites you!
You die...

.......+...........#
....... ##.......#
.....#######.#######
..... #......###### #
#.###..##...# #
#......##...# #
#.....###...###
##.#######..............
#.....l@....########....
#..###............)J....
#...#.............#(.
#.#.#.............#..
#.#.#.............#.. #
#.#.............#..
#.#......≈......#..
#.#...§≈≈8§≈.§..#..
.≈≈≈5§≈≈...#..


You could see an iguana.

Vanquished Creatures
  A hound (D:4)
  Ijyb (D:4)
  An iguana (D:4)
  5 adders (D:2)
  A worm (D:3)
  2 dart slugs (D:4)
  4 bats
  11 endoplasms
  3 giant cockroaches
  3 hobgoblins
  A jackal (D:2)
  8 kobolds
  4 quokkas
  8 ball pythons
  4 frilled lizards
  11 goblins
  3 rats
71 creatures vanquished.

Notes
Turn   | Place    | Note
-------+----------+-------------------------------------------
     0 | D:1      | Shayle the Vampire Enchanter began the quest for the Orb.
     0 | D:1      | Reached XP level 1. HP: 13/13 MP: 3/3
   491 | D:1      | Reached XP level 2. HP: 15/20 MP: 5/5
   688 | D:1      | Reached skill level 5 in Stealth
   798 | D:1      | Gained mutation: You are afflicted with vampirism and can
                  | become a bat while bloodless. [Vampire growth]
   798 | D:1      | Reached XP level 3. HP: 17/25 MP: 6/6
  1431 | D:2      | Reached skill level 1 in Fighting
  1530 | D:2      | Learned a level 2 spell: Ensorcelled Hibernation
  1534 | D:2      | Learned a level 3 spell: Confusing Touch
  1637 | D:2      | Reached XP level 4. HP: 31/32 MP: 7/7
  1967 | D:3      | Reached skill level 6 in Stealth
  2309 | D:3      | Found a shimmering altar of Xom.
  2508 | D:4      | Found a shadowy altar of Dithmenos.
  2528 | D:4      | Noticed Grinder
  2535 | D:5      | Entered Level 5 of the Dungeon
  2549 | D:4      | Reached XP level 5. HP: 10/37 MP: 5/8
  2683 | D:4      | Noticed Ijyb
  2712 | D:4      | Killed Ijyb
  3015 | D:4      | Found a burning altar of Makhleb.
  3148 | D:3      | Found Ugeonanni's Magic Scroll Emporium.
  3162 | D:3      | Bought a scroll of poison for 40 gold pieces
  3162 | D:3      | Bought a scroll of fear for 40 gold pieces
  3162 | D:3      | Bought a scroll of teleportation for 30 gold pieces
  3370 | D:4      | Slain by an iguana

Illustrated notes

Levels and vault maps discovered:
D:1:      dpeg_arrival_tiny_d, layout_basic, serial_co_window_serial,
          co_window_paths_b, co_window_of_opportunity_a, co_window_corner_a,
          co_window_corner_a, co_window_of_opportunity_a, co_window_corner_a,
          co_window_of_opportunity_c, co_window_corner_b, co_window_2corner,
          co_window_2corner, co_window_of_opportunity_b, co_window_corner_b,
          co_window_unsneaky_path_a, co_window_paths_d, co_window_4corner_a
D:2:      minmay_inner_zag, layout_rooms
D:3:      layout_basic, led_xom_imps, serial_shops, shop, chequers_garden,
          hangedman_decor_slide_cut
D:4:      minmay_chambers_of_threes, layout_basic, demons_altar,
          mainiacjoe_overflow_swirl, uniq_grinder, uniq_ijyb
D:5:      layout_basic, minmay_temple_entry_sparse_star, grunt_ministairs_6,
          lemuel_flame_loot_1

Skill      XL: |  1  2  3  4 |
---------------+-------------+-----
Stealth        | 5 6 |  6.6
Fighting       | 1 |  1.7
Short Blades   | 2 |  2.4
Dodging        | 3 |  3.2
Spellcasting   | |  2.8
Hexes          | |  4.4
Ice Magic      | |  0.3

Action                   |  1- 3 |  4- 6 || total
-------------------------+-------+-------++-------
Melee: Dagger            |   136 |   124 ||   260
       Punch             |     3 |       ||     3
       Bite              |     7 |     9 ||    16
 Cast: Ensorcelled Hiber |       |     8 ||     8
       Confusing Touch   |       |     2 ||     2
  Use: Scroll            |     3 |     5 ||     8
       Potion            |     2 |     3 ||     5
 Stab: Sleeping          |     9 |    12 ||    21
       Distracted        |     1 |     1 ||     2
       Invisible         |     1 |       ||     1
Armor: Robe              |    27 |    10 ||    37
Dodge: Dodged            |    76 |    80 ||   156

Table legend: (Time is in decaauts)
 A = Elapsed time spent in this place.
 B = Non-inter-level travel time spent in this place.
 C = Inter-level travel time spent in this place.
 D = Time resting spent in this place.
 E = Time spent auto-exploring this place.
 F = Levels seen in this place.
 G = Mean time per level.
                   A        B        C        D        E       F      G
               +--------+--------+--------+--------+--------+-----+--------+
         Total |   3347 |   3191 |    156 |    426 |   1726 |   5 |  669.4 |
       Dungeon |   3347 |   3191 |    156 |    426 |   1726 |   5 |  669.4 |
               +--------+--------+--------+--------+--------+-----+--------+

Top non-repeatable levels by time:
     D:1: 1253 daAuts
     D:4: 804 daAuts
     D:2: 687 daAuts
     D:3: 595 daAuts
     D:5: 6 daAuts
